 Dungeon Crawl Stone Soup version 0.29.1-15-g9cfb28693d (webtiles) character file.

Game seed: 10781725349073185029

346413 Frad the Hoplite (level 21, -22/204 HPs)
             Began as a Minotaur Berserker on Apr 3, 2023.
             Was a High Priest of Trog.
             Killed from afar by Nikola (31 damage)
             ... with an arc of chain lightning
             ... on level 3 of the Vaults on Apr 5, 2023.
             The game lasted 04:18:23 (53221 turns).

Frad the Hoplite (Minotaur Berserker)              Turns: 53221, Time: 04:18:25

Health: -22/204    AC: 48    Str: 28 (31) XL:     21   Next: 19%
Magic:  29/29      EV: 15    Int: 10      God:    Trog [*****.]
Gold:   5109       SH: 35    Dex: 18      Spells: 20/20 levels left

rFire   . . .      SeeInvis .   t - +7 broad axe "Tueseecu" {flame, Str+3}
rCold   + . .      Faith    .   h - +2 tower shield
rNeg    . . .      Spirit   .   f - +8 orange crystal plate armour {Archmagi, Int+3 Clar}
rPois   .          Reflect  +   V - +0 hat {Int+3}
rElec   .          Harm     .   g - +2 cloak
rCorr   .          Rampage  .   J - +2 pair of gloves
Will    ++++.      Archmagi +   O - +2 pair of boots {Stlth+}
Stlth   .......... Clarity  +   p - amulet of reflection
HPRegen 1.44/turn               z - ring of willpower
MPRegen 0.21/turn               C - ring of Idoucemy {rC+ MP+9 Str+3}

@: strong-willed, regenerating, unable to read
A: horns 2, retaliatory headbutt, iridescent scales 1, large bone plates 1,
deterioration 1, inability to read after injury 1
}: 2/15 runes: decaying, gossamer
a: Renounce Religion, Berserk, Trog's Hand, Brothers in Arms


You were on level 3 of the Vaults.
You worshipped Trog.
Trog was extremely pleased with you.
You visited 8 branches of the dungeon, and saw 36 of its levels.
You visited the Abyss 1 time.
You visited 1 bazaar.
You also visited: Volcano.

You collected 5893 gold pieces.
You spent 784 gold pieces at shops.

Inventory:

Hand Weapons
 a - a +3 hand axe of protection
 b - a +7 flail of protection
 e - a +4 antimagic war axe
 n - the +7 hand axe of the Final Chapter {freeze, *Rage rPois rN+ Stlth+}
   (You found it on level 5 of the Dungeon)

   It freezes those it strikes, dealing additional cold damage.
   It can also slow down cold-blooded creatures.
   rPois:     It protects you from poison.
   rN:        It protects you from negative energy.
   *Rage:     It berserks you when you make melee attacks (+20% chance).
   Stlth:     It makes you more stealthy.
 t - the +7 broad axe "Tueseecu" (weapon) {flame, Str+3}
   (Trog gifted it to you on level 5 of the Lair of Beasts)

   It burns those it strikes, dealing additional fire damage.
   Big, fiery blades are also staple armaments of hydra-hunters.
   Str:       It affects your strength (+3).
 u - the +3 whip "Qaulov" {vorpal, Str+4}
   (You bought it in a shop on level 3 of the Elven Halls)

   It inflicts extra damage upon your enemies.
   Str:       It affects your strength (+4).
 w - the +8 rapier of Lyproics {vorpal, rCorr Str+7 Int-4 SInv}
   (You found it on level 1 of the Spider Nest)

   It inflicts extra damage upon your enemies.
   Str:       It affects your strength (+7).
   Int:       It affects your intelligence (-4).
   SInv:      It lets you see invisible.
   rCorr:     It protects you from acid and corrosion.
 y - the +4 battleaxe of Wrath {vorpal, rElec rPois}
   (Trog gifted it to you on level 1 of the Swamp)

   It inflicts extra damage upon your enemies.
   rElec:     It insulates you from electricity.
   rPois:     It protects you from poison.
 A - the +5 mace of Rechizer {spect, *Noise Fly rN+ Dex+2}
   (You found it on level 7 of the Dungeon)

   When its wielder attacks, the weapon's spirit leaps out and strikes again.
   The spirit shares a part of any damage it takes with its wielder.
   Dex:       It affects your dexterity (+2).
   rN:        It protects you from negative energy.
   Fly:       It grants you flight.
   *Noise:    It may make noises in combat.
 D - a +4 executioner's axe of protection
 F - a +0 vampiric whip
 N - the +12 hand axe of Defilement {vorpal, rPois rF- Will- Dex+9}
   (Trog gifted it to you on level 4 of the Spider Nest)

   It inflicts extra damage upon your enemies.
   Dex:       It affects your dexterity (+9).
   rF:        It makes you vulnerable to fire.
   rPois:     It protects you from poison.
   Will:      It decreases your willpower.
 W - a +4 great mace of flaming
 Z - the +4 spear of the Valley {vorpal, rCorr MP-9 Str+4 Dex+3}
   (You found it on level 3 of the Elven Halls)

   It inflicts extra damage upon your enemies.
   Str:       It affects your strength (+4).
   Dex:       It affects your dexterity (+3).
   MP:        It affects your magic capacity (-9).
   rCorr:     It protects you from acid and corrosion.
Missiles
 d - 71 poisoned darts (quivered)
Armour
 f - the +8 orange crystal plate armour (worn) {Archmagi, Int+3 Clar}
   (You found it on level 3 of the Elven Halls)

   Int:       It affects your intelligence (+3).
   Clar:      It protects you against confusion.
 g - a +2 cloak (worn)
 h - a +2 tower shield (worn)
 J - a +2 pair of gloves (worn)
 O - a +2 pair of boots of stealth (worn)
 T - a +2 crystal plate armour
 V - a +0 hat of intelligence (worn)
 X - the +6 chain mail "Sotoez" {rN+}
   (You found it on level 3 of the Elven Halls)

   rN:        It protects you from negative energy.
Jewellery
 c - a ring of see invisible
 l - a +6 ring of intelligence
 p - an amulet of reflection (around neck)
 z - a ring of willpower (left hand)
 C - the ring of Idoucemy (right hand) {rC+ MP+9 Str+3}
   (You took it off a deep elf zephyrmancer on level 2 of the Elven Halls)

   [ring of magical power]

   Str:       It affects your strength (+3).
   rC:        It protects you from cold.
   MP:        It affects your magic capacity (+9).
 L - a ring of willpower
 Y - a ring of flight
Wands
 q - a wand of digging (3)
 x - a wand of paralysis (21)
 M - a wand of mindburst (15)
 P - a wand of polymorph (17)
Scrolls
 i - 13 scrolls of fear
 j - 2 scrolls of summoning
 m - 8 scrolls of magic mapping
 r - 8 scrolls of teleportation
 B - 3 scrolls of enchant weapon
 E - 6 scrolls of fog
 G - 4 scrolls of poison
Potions
 k - 2 potions of curing
 v - 2 potions of invisibility
 H - 6 potions of ambrosia
 I - 3 potions of cancellation
 K - a potion of resistance
 Q - 6 potions of might
 R - 5 potions of flight
 S - 3 potions of magic
 U - 6 potions of haste
Miscellaneous
 o - a lightning rod (4/4)


   Skills:
 - Level 21.3 Fighting
 - Level 0.2(0.3) Short Blades
 - Level 0.4(0.5) Long Blades
 - Level 18.3 Axes
 - Level 0.2 Ranged Weapons
 - Level 20.5 Armour
 - Level 19.3 Dodging
 + Level 23.9 Shields
 - Level 0.2 Invocations


You had 20 spell levels left.
You didn't know any spells.
Your spell library was empty.

Dungeon Overview and Level Annotations

Branches:
Dungeon (13/15)            Temple (0/1) D:6            Lair (5/5) D:10
  Swamp (4/4) Lair:2       Spider (4/4) Lair:3        Slime (2/5) Lair:5
    Orc (2/2) D:12            Elf (3/3) Orc:2        Vaults (3/5) D:13
  Crypt (0/3) Vaults:2    Volcano (visited)

Altars:
Ashenzari
Cheibriados
Dithmenos
Fedhas
Gozag
Hepliaklqana
Kikubaaqudgha
Okawaru
Ru
Sif Muna
Trog
Uskayaw
Wu Jian
Yredelemnul
Zin
Jiyva
Lugonu

Shops:
D:5 ?*   D:8 (   D:10 !   Orc:2 :(!?!   Elf:3 ((

Portals:
Abyss: Lair:5

Annotations:
Vaults:3 Nikola


Innate Abilities, Weirdness & Mutations

You have a pair of horns on your head.
You reflexively headbutt those who attack you in melee.
You are partially covered in iridescent scales. (AC +2)
You are partially covered in large bone plates. (SH +4)
Your body sometimes deteriorates upon taking damage.
You occasionally lose the ability to read scrolls when taking damage.


Message History

Here: Nikola, wielding a +2 rapier of electrocution, wearing a +0 cloak and wearing a +1 pair of gloves of infusion The floor.
Nikola mumbles some strange words.
Lightning arcs from Nikola's hands!
The bolt of lightning hits you!
Nikola casts a spell.
Lightning arcs from Nikola's hands!
The bolt of lightning hits you.
A bolt of lightning appears from out of thin air!
The bolt of lightning hits Nikola.
You block Nikola's attack.
You cut Nikola into ribbons!!! You burn Nikola!!
Nikola is moderately wounded.
Nikola hits you but does no damage.
You slash Nikola! You burn Nikola.
Nikola is moderately wounded.
Nikola gestures wildly while chanting.
Lightning arcs from Nikola's hands!
The bolt of lightning hits you!!!!
A bolt of lightning appears from out of thin air!
The bolt of lightning hits Nikola!
Your skin crawls.
You feel strong-willed.
Nikola casts a spell.
Lightning arcs from Nikola's hands!
The bolt of lightning hits you!!!
* * * LOW HITPOINT WARNING * * *
Your body deteriorates!
You feel weakened.
A bolt of lightning appears from out of thin air!
The bolt of lightning hits Nikola.
As you read the scroll of summoning, it crumbles to dust.
Wisps of shadow whirl around you...
Nikola casts a spell.
Lightning arcs from Nikola's hands!
The bolt of lightning hits your ironbound thunderhulk!!!!
Your ironbound thunderhulk dies!
Your ironbound thunderhulk's corpse dissolves into shadows!
A bolt of lightning appears from out of thin air!
The bolt of lightning hits Nikola.
The bolt of lightning hits your orc knight!!!
The bolt of lightning hits your orc warlord!!!
The bolt of lightning hits you!!
You feel threatened and lose the ability to read scrolls!
You die...

,*,*,*,**#.##...##..#
*,*,*,*,*#..######..#
,***,*,**#### #..# **
**,*,* ########..# *
**,,* #......'..# **
**,*,* #......#..#
,***,*,** #.....o#..#
*,*,*,*,* #.....G#..#
,*,*,*,** #...o.@#..#
*,,,*,*,* #.^...@#..#
********* #..o...+..#
**********########..#
,,,,,,,,,,,,,,,,,,,,*
,,,,,,,,,,,,,,,,,,,,*
*********************


You could see Nikola (ally target), a friendly orc warlord (summoned), 2
friendly orc knights and a friendly glowing orange brain (summoned).

Vanquished Creatures
  Mennas (Vaults:2)
  Bai Suzhen (Elf:3)
  Xtahua (Vaults:3)
  Arachne (Spider:2)
  A golden dragon (Vaults:3)
  Zenata (Elf:3)
  Mlioglotl (Spider:3)
  Asterion (Spider:3)
  2 deep elf master archers (Elf:3)
  2 deep elf blademasters (Elf:3)
  2 acid blobs
  2 sphinxes (Vaults:3)
  2 ancient champions (Vaults:2)
  Agnes (Spider:3)
  A thorn hunter (Swamp:2)
  Gastronok (Lair:2)
  Kirke (Lair:4)
  Donald (Swamp:1)
  A tengu reaver (Vaults:1)
  A fenstrider witch (Swamp:4)
  2 emperor scorpions
  2 fire giants (Vaults:3)
  7 vault wardens
  An orc warlord (Vaults:3)
  Aizul (Spider:2)
  Louise (Spider:2)
  4 ghost moths
  2 deep elf sorcerers (Elf:3)
  A quicksilver ooze (shapeshifter) (Vaults:3)
  6 deep elf elementalists
  2 very ugly things (Vaults:1)
  11 ironbound preservers
  3 war gargoyles (Vaults:3)
  3 ironbound thunderhulks
  3 eleionomae
  A broodmother (Spider:4)
  4 stone giants (Vaults:3)
  4 starcursed masses (Abyss:1)
  10 deep elf annihilators
  5 bunyips
  4 deep elf demonologists (Elf:3)
  4 spark wasps
  7 entropy weavers
  An ettin (Vaults:2)
  A crystal guardian (Vaults:2)
  5 deep elf death magi
  A fire dragon (Vaults:3)
  4 shambling mangroves
  A fire dragon (shapeshifter) (Vaults:3)
  8 yaktaur captains
  Josephine (Swamp:1)
  5 great orbs of eyes
  6 deep elf high priests
  A rakshasa (Abyss:1)
  A ghost crab (Swamp:3)
  2 radroaches
  13 hydras
  An ogre mage (Vaults:3)
  8 boulder beetles
  A catoblepas (Lair:3)
  9 vault guards
  A peacekeeper (Vaults:2)
  7 ironbound frosthearts
  A spriggan air mage (Swamp:2)
  35 dancing weapons
  4 jorogumos (Spider:4)
  8 alligators
  7 two-headed ogres
  3 centaur warriors
  A vampire mage (Abyss:1)
  9 death yaks (Lair:5)
  A deep troll earth mage (Vaults:1)
  2 orc high priests
  5 death scarabs (Spider:4)
  A soul eater (Vaults:2)
  A wretched star (Abyss:1)
  Sonja (Lair:3)
  21 deep elf knights
  3 thrashing horrors (Lair:5)
  A sun moth (Spider:3)
  2 death drakes
  6 pharaoh ants
  4 spriggan druids
  23 deep trolls
  6 goliath frogs
  4 glowing orange brains
  10 steelbarb worms
  10 swamp dragons
  16 deep elf archers
  8 ironbound convokers
  8 orb spiders
  5 harpies
  A necromancer (Lair:3)
  4 bog bodies
  3 wizards
  5 orc knights
  2 spectral wolf spiders (Spider:4)
  9 lindwurms
  Pikel (D:4)
  A salamander (Volcano)
  A wolf spider zombie (Spider:4)
  5 orc sorcerers
  11 wolf spiders
  24 deep elf pyromancers
  44 deep elf zephyrmancers
  19 ugly things
  A manticore (shapeshifter) (Vaults:3)
  A worldbinder (Abyss:1)
  7 will-o-the-wisps
  7 cyclopes
  3 moths of wrath
  7 elephants (Lair:2)
  Joseph (D:8)
  An elephant (shapeshifter) (Vaults:3)
  A black mamba (Lair:5)
  3 smoke demons
  7 vault sentinels
  2 torpor snails
  A rust devil (Abyss:1)
  An eye of devastation (shapeshifter) (Elf:1)
  2 cane toads
  2 orange demons (Abyss:1)
  3 spectral redbacks (Spider:4)
  4 gargoyles (D:10)
  Psyche (D:11)
  An unseen horror (D:12)
  A rime drake (shapeshifter) (Abyss:1)
  Maggie (D:6)
  3 komodo dragons
  12 yaktaurs
  4 demonic crawlers
  A freezing wraith (Vaults:3)
  5 ancient zymes
  A polar bear (Lair:3)
  8 trolls
  13 tyrant leeches
  A queen bee (Spider:2)
  Grinder (D:6)
  A silent spectre (Abyss:1)
  31 tarantellas
  3 spectral tarantellas (Spider:4)
  11 hornets
  A jumping spider zombie (Spider:4)
  4 spectral jumping spiders (Spider:4)
  3 slime creatures (Vaults:3)
  A tarantella (shapeshifter) (Elf:3)
  4 raiju (Abyss:1)
  8 blink frogs (Lair:5)
  4 shadows
  20 culicivoras
  3 flying skulls (Abyss:1)
  40 jumping spiders
  2 air elementals
  9 wraiths
  34 yaks
  3 wyverns
  10 spriggans
  6 ynoxinuls
  2 fire elementals
  4 fire bats (Volcano)
  2 vampires
  5 basilisks
  2 humans (D:11)
  5 hogs (Lair:4)
  3 steam dragons
  8 vampire mosquitoes
  2 chaos spawn (Lair:5)
  A yaktaur simulacrum (Vaults:1)
  52 redbacks
  A neqoxec (Abyss:1)
  A warg (Orc:2)
  22 swamp worms
  2 acid dragons
  13 water moccasins
  30 orc warriors
  A hell hound (Volcano)
  3 large abominations (Abyss:1)
  9 swamp drakes
  4 sky beasts
  4 ice beasts
  8 wolves
  4 boggarts (Vaults:1)
  6 ogres
  15 centaurs
  A phantom (D:7)
  5 kobold brigands
  11 bullfrogs
  3 necrophages (D:8)
  18 small abominations
  2 earth elementals
  A wyvern zombie (D:8)
  3 scorpions
  3 wights
  22 killer bees
  A spectral ogre (Orc:2)
  A howler monkey (D:7)
  3 electric eels
  A jelly (D:7)
  A centaur zombie (D:8)
  A hound (D:5)
  A human zombie (D:8)
  21 orc priests
  2 quasits (Abyss:1)
  An iron imp (Abyss:1)
  Crazy Yiuf (D:6)
  An iguana (D:5)
  25 orc wizards
  6 hell rats (Lair:3)
  2 polar bear simulacra (Lair:3)
  3 yak simulacra (Lair:3)
  Terence (D:3)
  4 wolf simulacra (Lair:3)
  A killer bee zombie (D:8)
  2 mummies (D:8)
  A howler monkey zombie (D:8)
  2 spectral orcs (Orc:2)
  5 gnolls
  10 adders
  2 shadow imps
  A white imp (D:6)
  An ufetubus (D:5)
  6 worms
  3 dart slugs
  56 orcs
  8 endoplasms
  2 giant cockroaches
  8 goblins
  16 hobgoblins
  3 jackals (D:4)
  24 kobolds
  5 quokkas
  7 ball pythons
  6 bats
  4 frilled lizards
  3 rats
  2 river rat simulacra (Lair:3)
  5 briar patches (Swamp:2)
1368 creatures vanquished.

Vanquished Creatures (collateral kills)
  The ghost of bananaglory the Spry, an adept GrEE of Qazlal (Elf:3)
  An emperor scorpion (Spider:2)
  A vault warden (Vaults:1)
  The ghost of Chatter the Severer, a journeyman MiBe of Trog (Orc:2)
  An ironbound preserver (Vaults:1)
  5 dire elephants (Vaults:1)
  A deep elf death mage (Elf:3)
  2 ironbound frosthearts (Vaults:1)
  4 vault guards
  A centaur warrior (Vaults:2)
  A hydra (Swamp:4)
  4 death scarabs (Spider:4)
  A goliath frog (Swamp:1)
  2 swamp dragons (Swamp:4)
  3 deep trolls (Vaults:2)
  A steelbarb worm (Spider:2)
  3 ironbound convokers
  A spectral wolf spider (Spider:4)
  A bog body (Swamp:4)
  An orc knight (D:11)
  A manticore (shapeshifter) (Vaults:1)
  3 vault sentinels (Vaults:1)
  3 yaktaurs
  A redback zombie (Spider:4)
  A spectral redback (Spider:4)
  A spectral jumping spider (Spider:4)
  2 spectral culicivoras (Spider:4)
  A spectral troll (Orc:2)
  An orc warrior (D:11)
  2 spectral orcs (Orc:2)
  2 ogre simulacra (Orc:2)
54 creatures vanquished.

Vanquished Creatures (others)
  A deep elf annihilator (Elf:3)
  3 deep elf knights
  A deep elf pyromancer (Elf:3)
  3 bloated husks
  A tarantella (Spider:3)
  2 culicivoras
  2 fire elementals
  An orc wizard (Orc:2)
  An orc (Elf:2)
  2 bushes
  20 foxfires
  20 fungi
  18 plants
75 creatures vanquished.

Grand Total: 1497 creatures vanquished

Notes
Turn   | Place    | Note
-------+----------+-------------------------------------------
     0 | D:1      | Frad the Minotaur Berserker began the quest for the Orb.
     0 | D:1      | Reached XP level 1. HP: 19/19 MP: 0/0
   242 | D:1      | Reached XP level 2. HP: 25/27 MP: 1/1
  1279 | D:2      | Reached skill level 5 in Axes
  1279 | D:2      | Reached XP level 3. HP: 31/33 MP: 2/2
  1525 | D:2      | Reached ** piety under Trog
  1642 | D:2      | Reached XP level 4. HP: 26/40 MP: 3/3
  2792 | D:3      | Gained mutation: You do not regenerate when monsters are
                  | visible. [potion of mutation]
  2801 | D:3      | Reached XP level 5. HP: 32/46 MP: 4/4
  2830 | D:3      | Noticed Terence
  2839 | D:3      | Killed Terence
  2892 | D:3      | Lost mutation: You do not regenerate when monsters are
                  | visible. [potion of mutation]
  2892 | D:3      | Gained mutation: You are strong-willed. (Will+) [potion of
                  | mutation]
  2892 | D:3      | Gained mutation: You occasionally lose the ability to read
                  | scrolls when taking damage. [potion of mutation]
  2892 | D:3      | Gained mutation: You possess an exceptional clarity of
                  | mind. [potion of mutation]
  2892 | D:3      | Gained mutation: You are partially covered in large bone
                  | plates. (SH +4) [potion of mutation]
  2893 | D:3      | Lost mutation: You possess an exceptional clarity of mind.
                  | [potion of mutation]
  2893 | D:3      | Lost mutation: You are strong-willed. (Will+) [potion of
                  | mutation]
  2893 | D:3      | Gained mutation: You have an increased reservoir of magic.
                  | (+10% MP) [potion of mutation]
  2893 | D:3      | Gained mutation: You are partially covered in iridescent
                  | scales. (AC +2) [potion of mutation]
  3299 | D:4      | Found an opulent altar of Gozag.
  3535 | D:4      | Reached *** piety under Trog
  3725 | D:4      | Found a glowing silver altar of Zin.
  3742 | D:4      | Noticed a lemure
  3742 | D:4      | Noticed a lemure
  3742 | D:4      | Noticed Pikel
  3744 | D:4      | Noticed a lemure
  3744 | D:4      | Noticed a lemure
  3758 | D:4      | Killed Pikel
  3759 | D:4      | Reached skill level 10 in Axes
  3759 | D:4      | Reached XP level 6. HP: 40/52 MP: 5/5
  3759 | D:4      | Reached XP level 7. HP: 44/58 MP: 6/6
  4354 | D:5      | Entered Level 5 of the Dungeon
  4474 | D:5      | Found Nyopt's Neck Hole.
  4478 | D:5      | Bought a +2 cloak for 231 gold pieces
  4511 | D:5      | Reached XP level 8. HP: 66/66 MP: 7/7
  4770 | D:5      | Identified the +7 hand axe of the Final Chapter {freeze,
                  | *Rage rPois rN+ Stlth+}
  5190 | D:5      | Found Pioruici's Magic Scroll Shop.
  5280 | D:6      | Found a sacrificial altar of Ru.
  5280 | D:6      | Found a bloodstained altar of Trog.
  5454 | D:6      | Noticed Maggie
  5465 | D:6      | Killed Maggie
  5618 | D:6      | Found an iron altar of Okawaru.
  5618 | D:6      | Found a shimmering blue altar of Sif Muna.
  5687 | D:6      | Found a staircase to the Ecumenical Temple.
  5823 | D:6      | Found a runed translucent door.
  5824 | D:6      | Noticed Crazy Yiuf
  5830 | D:6      | Killed Crazy Yiuf
  6319 | D:6      | Noticed Grinder
  6328 | D:6      | Killed Grinder
  6329 | D:6      | Reached XP level 9. HP: 71/71 MP: 8/8
  6458 | D:7      | Reached skill level 5 in Armour
  6460 | D:7      | Noticed a two-headed ogre
  6465 | D:7      | Killed a two-headed ogre
  6516 | D:7      | Reached **** piety under Trog
  6541 | D:7      | Reached skill level 10 in Armour
  6699 | D:7      | Reached XP level 10. HP: 80/80 MP: 10/10
  6711 | D:7      | Reached skill level 5 in Fighting
  6825 | D:7      | Noticed a four-headed hydra
  6832 | D:7      | Killed a four-headed hydra
  6832 | D:7      | Noticed a two-headed ogre
  6857 | D:7      | Killed a two-headed ogre
  6861 | D:7      | Noticed a boulder beetle
  6870 | D:7      | Killed a boulder beetle
  6871 | D:7      | Reached skill level 10 in Fighting
  7050 | D:7      | Identified the +5 mace of Rechizer {spect, *Noise Fly rN+
                  | Dex+2}
  7363 | D:7      | Reached skill level 1 in Shields
  7562 | D:7      | Reached skill level 2 in Shields
  7695 | D:8      | Found an ornate altar of the Wu Jian Council.
  7704 | D:8      | Reached skill level 3 in Shields
  7788 | D:8      | Reached XP level 11. HP: 102/102 MP: 11/11
  7794 | D:8      | Reached skill level 4 in Shields
  7849 | D:8      | Found a basalt altar of Yredelemnul.
  7872 | D:8      | Reached skill level 5 in Shields
  8179 | D:8      | Found a snail-covered altar of Cheibriados.
  8200 | D:8      | Noticed Joseph
  8213 | D:8      | Killed Joseph
  8231 | D:8      | Reached skill level 6 in Shields
  8689 | D:8      | Found Nooffeuss's Antique Weapon Emporium.
  8909 | D:9      | Reached skill level 7 in Shields
  9023 | D:9      | Found a hazy altar of Hepliaklqana.
  9048 | D:9      | Identified a scroll of acquirement
  9048 | D:9      | Acquired 784 gold pieces
  9123 | D:9      | Found a blossoming altar of Fedhas.
  9157 | D:9      | Found a hide-covered altar of Uskayaw.
  9191 | D:9      | Reached skill level 8 in Shields
  9249 | D:9      | Reached ***** piety under Trog
  9428 | D:9      | Noticed a two-headed ogre
  9440 | D:9      | Killed a two-headed ogre
  9656 | D:10     | Entered Level 10 of the Dungeon
  9666 | D:10     | Found a shadowy altar of Dithmenos.
  9725 | D:10     | Reached skill level 9 in Shields
  9732 | D:10     | Found a broken altar of Ashenzari.
  9832 | D:10     | Found Sixzet's Distillery.
  9901 | D:10     | Found an ancient bone altar of Kikubaaqudgha.
 10117 | D:10     | Found a staircase to the Lair.
 10467 | D:10     | Noticed a two-headed ogre
 10478 | D:10     | Killed a two-headed ogre
 10479 | D:10     | Reached skill level 10 in Shields
 10676 | D:10     | Reached skill level 11 in Shields
 10901 | D:11     | Noticed a two-headed ogre
 10915 | D:11     | Killed a two-headed ogre
 10938 | D:11     | Noticed a centaur warrior
 10940 | D:11     | Killed a centaur warrior
 10941 | D:11     | Reached skill level 12 in Shields
 10996 | D:11     | Noticed a red ugly thing
 11013 | D:11     | Killed a red ugly thing
 11118 | D:11     | Noticed a boulder beetle
 11143 | D:11     | Reached XP level 12. HP: 86/110 MP: 12/12
 11182 | D:11     | Killed a boulder beetle
 11199 | D:11     | Reached skill level 13 in Shields
 11684 | D:11     | Identified the +1 falchion of Cooj {vorpal, Will+ Int+5
                  | Dex+4}
 11872 | D:11     | Noticed Psyche
 11898 | D:11     | Killed Psyche
 11899 | D:11     | Reached skill level 14 in Shields
 11928 | D:11     | Found an iron altar of Okawaru.
 12080 | D:12     | Noticed a centaur warrior
 12085 | D:12     | Killed a centaur warrior
 12105 | D:13     | Noticed a centaur warrior
 12369 | D:12     | Found a staircase to the Orcish Mines.
 12414 | D:12     | Reached skill level 15 in Shields
 12993 | Lair:1   | Entered Level 1 of the Lair of Beasts
 13544 | Lair:1   | Noticed an eight-headed hydra
 13550 | Lair:1   | Killed an eight-headed hydra
 13551 | Lair:1   | Reached skill level 16 in Shields
 14534 | Lair:2   | Reached skill level 5 in Dodging
 14835 | Lair:2   | Noticed Gastronok
 14854 | Lair:2   | Killed Gastronok
 14855 | Lair:2   | Reached XP level 13. HP: 106/116 MP: 13/13
 15603 | Lair:2   | Found a staircase to the Swamp.
 15613 | Swamp:1  | Entered Level 1 of the Swamp
 15676 | Swamp:1  | Noticed a bunyip
 15701 | Swamp:1  | Killed a bunyip
 16658 | Lair:3   | Found a hole to the Spider Nest.
 16890 | Lair:3   | Noticed Sonja
 16940 | Lair:3   | Killed Sonja
 17142 | Lair:3   | Received a gift from Trog
 17479 | Lair:4   | Noticed Kirke
 17514 | Lair:4   | Killed Kirke
 17531 | Lair:4   | Found a dark tunnel.
 17543 | Volcano  | Entered a volcano
 18967 | Lair:5   | Entered Level 5 of the Lair of Beasts
 19047 | Lair:5   | Identified the +7 broad axe "Tueseecu" {flame, Str+3} (Trog
                  | gifted it to you on level 5 of the Lair of Beasts)
 19047 | Lair:5   | Received a gift from Trog
 19422 | Lair:5   | Identified the +7 great sword "Estushraa" {vamp, Will+
                  | Int-4 Dex+7}
 19431 | Lair:5   | Reached XP level 14. HP: 132/132 MP: 14/14
 19448 | Lair:5   | Found a viscous altar of Jiyva.
 19448 | Lair:5   | Found a staircase to the Slime Pits.
 20008 | Lair:5   | Reached skill level 15 in Axes
 20373 | Abyss:1  | Cast into level 1 of the Abyss (spriggan)
 20436 | Abyss:1  | Found a corrupted altar of Lugonu.
 20436 | Abyss:1  | Found a corrupted altar of Lugonu.
 20436 | Abyss:1  | Found a corrupted altar of Lugonu.
 20474 | Abyss:1  | Noticed a starcursed mass
 20485 | Abyss:1  | Killed a starcursed mass
 20697 | Abyss:1  | Noticed a green very ugly thing
 20698 | Abyss:1  | Noticed an ironbound thunderhulk
 20848 | Abyss:1  | Noticed a starcursed mass
 21109 | Lair:5   | Escaped the Abyss
 21476 | Lair:5   | Found a corrupted altar of Lugonu.
 21476 | Lair:5   | Found a one-way gate to the infinite horrors of the Abyss.
 21886 | Slime:1  | Entered Level 1 of the Pits of Slime
 23021 | Slime:2  | Noticed an acid blob
 23035 | Slime:2  | Killed an acid blob
 23123 | Slime:2  | Noticed an acid blob
 23142 | Slime:1  | Killed an acid blob
 23714 | Orc:1    | Entered Level 1 of the Orcish Mines
 23980 | Orc:2    | Entered Level 2 of the Orcish Mines
 23980 | Orc:2    | Found a staircase to the Elven Halls.
 24025 | Orc:2    | Found a runed translucent gate.
 24025 | Orc:2    | Found a runed translucent gate.
 24025 | Orc:2    | Found a runed translucent gate.
 24025 | Orc:2    | Noticed Chatter's ghost (journeyman MiBe)
 24154 | Orc:2    | Killed Chatter's ghost
 24369 | Orc:2    | Reached XP level 15. HP: 138/138 MP: 15/15
 24369 | Orc:2    | Received a gift from Trog
 24562 | Orc:2    | Found Rufapien's Book Shop.
 24654 | Orc:2    | Found Birrinel's Weapon Boutique.
 24654 | Orc:2    | Found Rujufucof's Distillery.
 24654 | Orc:2    | Found Qases's Magic Scroll Shop.
 24695 | Orc:2    | Found Ashaegui's Distillery.
 24846 | Orc:2    | Bought a scroll of enchant armour for 120 gold pieces
 25230 | Elf:1    | Entered Level 1 of the Elven Halls
 25265 | Elf:1    | Paralysed by an air elemental for 1 turns
 25393 | Elf:1    | Reached skill level 15 in Armour
 25423 | Elf:1    | Received a gift from Trog
 25598 | Elf:1    | HP: 5/138 [deep elf zephyrmancer/bolt of lightning (24)]
 27290 | Elf:3    | Entered Level 3 of the Elven Halls
 27651 | Elf:2    | Reached skill level 15 in Fighting
 27690 | Elf:2    | Identified the ring of Idoucemy {rC+ MP+9 Str+3}
 27700 | Elf:2    | Reached ****** piety under Trog
 27745 | Elf:2    | Reached XP level 16. HP: 129/150 MP: 16/16
 28082 | Elf:2    | Found a runed translucent gate.
 28082 | Elf:2    | Found a runed translucent gate.
 28084 | Elf:2    | Found a runed translucent gate.
 28254 | Elf:2    | Identified the +2 executioner's axe "Synegham" {vorpal,
                  | Dex+3} (Trog gifted it to you on level 2 of the Elven
                  | Halls)
 28254 | Elf:2    | Received a gift from Trog
 29410 | Elf:2    | Paralysed by an air elemental for 1 turns
 31097 | Elf:3    | Received a gift from Trog
 31142 | Elf:3    | Found Ylokuen's Weapon Emporium.
 31161 | Elf:3    | Noticed Bai Suzhen
 31192 | Elf:3    | Killed Bai Suzhen
 31198 | Elf:3    | Reached skill level 17 in Shields
 31577 | Elf:3    | Found a runed translucent gate.
 31583 | Elf:3    | Found a runed translucent gate.
 31584 | Elf:3    | Found a runed translucent gate.
 31585 | Elf:3    | Noticed bananaglory's ghost (adept GrEE)
 31690 | Elf:3    | Killed bananaglory's ghost
 31695 | Elf:3    | Identified the +6 chain mail "Sotoez" {rN+}
 31698 | Elf:3    | Identified the +4 spear of the Valley {vorpal, rCorr MP-9
                  | Str+4 Dex+3}
 31838 | Elf:3    | Found Zanos's Antique Weapon Emporium.
 31870 | Elf:3    | Reached skill level 10 in Dodging
 31870 | Elf:3    | Reached XP level 17. HP: 138/168 MP: 17/17
 31889 | Elf:3    | Bought an ancient whip for 232 gold pieces
 31889 | Elf:3    | Identified the +3 whip "Qaulov" {vorpal, Str+4} (You bought
                  | it in a shop on level 3 of the Elven Halls)
 32109 | Elf:3    | Noticed a deep elf blademaster
 32122 | Elf:3    | Noticed a deep elf master archer
 32126 | Elf:3    | Noticed a deep elf blademaster
 32132 | Elf:3    | Killed a deep elf blademaster
 32493 | Elf:3    | Noticed Zenata
 32510 | Elf:3    | Killed Zenata
 32770 | Elf:3    | Noticed a deep elf master archer
 32801 | Elf:3    | Noticed a Tzitzimitl
 32803 | Elf:3    | Killed a deep elf master archer
 33013 | Elf:3    | Identified the +0 ring mail "Geitiwk" {rElec Int+4}
 33025 | Elf:3    | Noticed a Hell Sentinel
 33025 | Elf:3    | Killed a deep elf blademaster
 33026 | Elf:3    | Killed a deep elf master archer
 33420 | Elf:3    | Identified the +8 shortbow "Kyufimin" {vorpal, rElec rPois
                  | rF-}
 33466 | Elf:3    | Received a gift from Trog
 34418 | Elf:3    | Found the +8 orange crystal plate armour {Archmagi, Int+3
                  | Clar}
 34493 | Elf:3    | Identified the +3 shortbow of the Fuzzy God {vorpal, Will-
                  | rCorr Int+3}
 34523 | Elf:3    | Identified the +9 arbalest "Plog" {elec, Fly rPois}
 35025 | Spider:1 | Entered Level 1 of the Spider Nest
 35026 | Spider:1 | You fall into a shaft and drop 1 floor!
 35076 | Spider:2 | Noticed Arachne
 35098 | Spider:2 | Killed Arachne
 35814 | Elf:3    | Bought a glowing war axe for 201 gold pieces
 36156 | Spider:1 | Received a gift from Trog
 36395 | Spider:1 | Identified the +8 rapier of Lyproics {vorpal, rCorr Str+7
                  | Int-4 SInv}
 37305 | Spider:2 | Noticed Louise
 37325 | Spider:2 | Killed Louise
 37706 | Spider:2 | Noticed Aizul
 37729 | Spider:2 | Killed Aizul
 37899 | Spider:2 | Reached XP level 18. HP: 170/176 MP: 18/18
 38482 | Spider:3 | Noticed Agnes
 38497 | Spider:3 | Killed Agnes
 38570 | Spider:3 | Noticed Mlioglotl
 38599 | Spider:3 | Killed Mlioglotl
 39327 | Spider:3 | Noticed Asterion
 39447 | Spider:3 | Killed Asterion
 39448 | Spider:3 | Reached skill level 18 in Shields
 39903 | Spider:3 | Received a gift from Trog
 40193 | Spider:4 | Entered Level 4 of the Spider Nest
 40577 | Spider:4 | Gained mutation: You have hidden genetic defects.
                  | [mutagenic glow]
 40729 | Spider:4 | Reached skill level 19 in Shields
 41629 | Spider:4 | Identified the +12 hand axe of Defilement {vorpal, rPois
                  | rF- Will- Dex+9} (Trog gifted it to you on level 4 of the
                  | Spider Nest)
 41629 | Spider:4 | Received a gift from Trog
 41650 | Spider:4 | Lost mutation: You have an increased reservoir of magic.
                  | (+10% MP) [hidden defects]
 41986 | Spider:4 | Paralysed by a jorogumo for 3 turns
 41999 | Spider:4 | HP: 3/169 [spectral culicivora (9)]
 42317 | Spider:4 | Got a gossamer rune of Zot
 42649 | Swamp:1  | Gained mutation: Your body sometimes deteriorates upon
                  | taking damage. [hidden defects]
 42649 | Swamp:1  | Lost mutation: You have hidden genetic defects. [hidden
                  | defects expressed]
 42751 | Swamp:1  | Noticed Donald
 42753 | Swamp:1  | Noticed Josephine
 42768 | Swamp:1  | Reached XP level 19. HP: 96/172 MP: 18/18
 42775 | Swamp:1  | Killed Josephine
 42775 | Swamp:1  | Identified the +4 battleaxe of Wrath {vorpal, rElec rPois}
                  | (Trog gifted it to you on level 1 of the Swamp)
 42775 | Swamp:1  | Received a gift from Trog
 42780 | Swamp:1  | Killed Donald
 44543 | Swamp:2  | Reached skill level 15 in Dodging
 44668 | Swamp:2  | Identified the ring of Brilliance {Fly Stlth+}
 46075 | Swamp:4  | Entered Level 4 of the Swamp
 46126 | Swamp:4  | Received a gift from Trog
 46208 | Swamp:4  | HP: 9/189 [??? (4)]
 46330 | Swamp:4  | HP: 7/189 [poison (dark miasma)]
 47065 | Swamp:4  | Got a decaying rune of Zot
 47734 | D:13     | Found a gate to the Vaults.
 48256 | Vaults:1 | Entered Level 1 of the Vaults
 49152 | Vaults:1 | Reached XP level 20. HP: 175/198 MP: 19/19
 49172 | Vaults:1 | Received a gift from Trog
 49833 | Vaults:2 | Noticed Mennas
 49884 | Vaults:2 | Killed Mennas
 50367 | Vaults:2 | Reached skill level 20 in Shields
 50785 | Vaults:2 | Reached skill level 21 in Shields
 51404 | Vaults:2 | Received a gift from Trog
 51407 | Vaults:2 | Found a staircase to the Crypt.
 51654 | Vaults:3 | Reached skill level 22 in Shields
 51719 | Vaults:3 | Found a flickering gateway to a bazaar.
 51735 | Bazaar   | Entered a bazaar
 51735 | Bazaar   | Found Rijuj's Assorted Antiques.
 51735 | Bazaar   | Found Bohehy's Armour Shoppe.
 51735 | Bazaar   | Found Puupeolu's Antique Weapon Emporium.
 51944 | Bazaar   | Found Podid's Antique Weapon Emporium.
 52053 | Vaults:3 | Identified the +4 robe "Xuckiqo" {rN++ Will+ Slay+3}
 52091 | Vaults:3 | Noticed Xtahua
 52100 | Vaults:3 | Killed Xtahua
 52103 | Vaults:3 | Identified the +5 shortbow of the Wraith {venom, Fragile
                  | Fly rPois Int+5}
 52116 | Vaults:3 | Reached skill level 23 in Shields
 52596 | Vaults:3 | Reached XP level 21. HP: 203/204 MP: 20/20
 52634 | Vaults:3 | Noticed a golden dragon
 52659 | Vaults:3 | Killed a golden dragon
 52995 | Vaults:3 | Received a gift from Trog
 53213 | Vaults:3 | Noticed Nikola
 53220 | Vaults:3 | HP: 8/204 [Nikola/arc of chain lightning (71)]
 53221 | Vaults:3 | Killed from afar by Nikola

Illustrated notes

Levels and vault maps discovered:
D:1:      dpeg_arrival_boxorama, layout_basic, minmay_misc_feat_more_columns,
          minmay_misc_feat_tower
D:2:      layout_loops_ring
D:3:      layout_rooms, chequers_garden, uniq_terence
D:4:      layout_loops_ring, pdpol_temple_overflow_zin_treasury_gozag_greed,
          minmay_checkerbox, uniq_pikel
D:5:      layout_gridville, serial_shops,
          nicolae_shop_temple_entry_statues_fountains, kb_lookout_dungeons_type,
          nicolae_shop_sticking_my_neck_out
D:6:      layout_basic, mainiacjoe_overflow_divided_tiny,
          grunt_temple_overflow_open, minmay_temple_entry_grid,
          nicolae_concentric_dashed_squares_wild, uniq_maggie,
          uniq_crazy_yiuf_cottage, uniq_grinder
D:7:      minmay_the_grid_octo_tiled_squarecenter [minmay_the_grid_octo_focus,
          minmay_the_grid_octo_pinwheel, minmay_the_grid_octo_toaster,
          minmay_the_grid_octo_fat_diamond,
          minmay_the_grid_square_5x5_megaprize_checkered,
          minmay_the_grid_square_5x5_slash,
          minmay_the_grid_square_5x5_minivault,
          minmay_the_grid_square_5x5_half_checkered,
          minmay_the_grid_square_5x5_spiral_small], layout_loops_ring
D:8:      layout_loops_ring, cheibriados_altar_1, old_standard_altar,
          lemuel_mausoleum_altar_yredelemnul, nicolae_stop_n_shop_1,
          minmay_sticks_and_stones
D:9:      layout_loops_ring, fedhas_altar_3, mainiacjoe_overflow_boulevard,
          general_overflow_altar, uniq_joseph
D:10:     cheibrodos_statue_roulette, layout_basic,
          mainiacjoe_overflow_24_doors, kiku_gazebo_garden_becter,
          nicolae_dithmenos_the_darkroom, lair_entry_dummy, serial_shops,
          nicolae_shop_advertising_works [nicolae_subvault_shop_adworks]
D:11:     layout_roguey [special_room_orc], serial_glass, glass_columns_a,
          glass_columns_b, okawaru_humans, uniq_psyche
D:12:     layout_basic, erik_orc_3
D:13:     layout_roguey, david_vaults_2
Lair:1:   layout_hall_layers
Lair:2:   layout_loops_ring, nicolae_swamp_entry_splash_gauntlet,
          lemuel_fruit_tree, grunt_megastairs_2, infiniplex_staircase_pool,
          uniq_gastronok
Lair:3:   layout_chaotic_city, dummy_spider_entry, eino_house_with_fridge,
          grunt_megastairs_1, uniq_sonja
Lair:4:   layout_roguey, enter_volcano_2, uniq_kirke
Lair:5:   hellmonk_lair_end_abyssal_woods, layout_regular_city,
          dpeg_slime_entry_enclosed, lemuel_fruit_fields
Swamp:1:  layout_basic_swamp, evilmike_swamp_ruin_house_2, uniq_josephine,
          uniq_donald
Swamp:2:  nzn_winding_woodlands_medium [nzn_winding_woodlands_hourglass,
          nzn_winding_woodlands_5x15_split_checker,
          nzn_winding_woodlands_5x5_open_star,
          nzn_winding_woodlands_5x5_checkerboard,
          nzn_winding_woodlands_center_diamonds,
          nzn_winding_woodlands_5x5_perimeter, nzn_winding_woodlands_5x5_three,
          nzn_winding_woodlands_5x15_zeroes, nzn_winding_woodlands_5x5_default],
          layout_falls_marsh, evilmike_swamp_ruin_house_3, swamp_pool1
Swamp:3:  layout_basic_swamp, nicolae_swamp_little_tower
Swamp:4:  swamp_alternative, layout_basic_swamp
Spider:1: layout_spider_delve
Spider:2: layout_spider_delve, hive_lemuel, uniq_aizul, uniq_arachne,
          uniq_louise
Spider:3: layout_spider_delve, hangedman_spider_tarantella_strand, uniq_agnes,
          uniq_asterion, uniq_mlioglotl
Spider:4: floodkiller_spider_rune_tomb
Slime:1:  layout_caves
Slime:2:  layout_caves, uniq_dissolution
Orc:1:    layout_caves, serial_shops, shop
Orc:2:    st_orc_mages, layout_diamond_mine, serial_shops,
          nicolae_shop_hallway_stairs, gammafunk_ghost_necromancy
Elf:1:    nicolae_elf_arrival_fired_up, layout_loops_corners,
          minmay_elf_annihilation
Elf:2:    nicolae_elf_blades_crystal_corner, layout_geoelf_grid
Elf:3:    elf_hall, layout_rooms, ebering_ghost_rock_garden, serial_shops, shop,
          minmay_shop_star, uniq_zenata, uniq_bai_suzhen
Vaults:1: v_misc_28, v_rooms_3, ontoclasm_vaults_ring_large, v_rooms_1,
          nicolae_vaults_minivaults, v_misc_26,
          hangedman_vaults_stretched_pinwheel, serial_ice_m,
          vaults_standard_mumra_enter_the_diamond, ontoclasm_vaults_pinch,
          vaults_room_door_ring, nicolae_vaults_shelves_hall,
          layout_vaults_maze_snakey
Vaults:2: v_misc_12, minmay_crypt_entry_simple_walls,
          nicolae_vaults_little_squares_3, vaults_room_corners, v_rooms_2,
          v_pattern_2, nicolae_vaults_network_square, v_alt_pattern_2,
          vaults_dpeg_cross, nicolae_vaults_gold_heap,
          ontoclasm_vaults_decontamination, vaults_room_guarded_vault,
          layout_vaults_big_cross, uniq_mennas
Vaults:3: st_greater_box_2, nicolae_vaults_network_s, v_misc_5, v_pattern_4,
          hangedman_vaults_maws, nicolae_vaults_sealed_display,
          grunt_vaults_focal, nicolae_vaults_alarming, layout_vaults_omnigrid,
          serial_shops, bzr_entry_islet, uniq_nikola, uniq_xtahua

Skill      XL: |  1  2  3  4  5  6  7  8  9 10 11 12 13 14 15 16 17 18 19 20 |
---------------+-------------------------------------------------------------+-----
Axes           | 4 5 6 10 11 14 18 | 18.3
Armour         | 10 11 12 17 19 20 | 20.5
Fighting       | 4 11 14 15 19 21 | 21.3
Shields        | 3 12 16 17 19 23 | 23.9
Dodging        | 6 9 10 13 18 19 | 19.3
Short Blades   | |  0.2
Long Blades    | |  0.4
Ranged Weapons | |  0.2
Invocations    | |  0.2

Action                   |  1- 3 |  4- 6 |  7- 9 | 10-12 | 13-15 | 16-18 | 19-21 || total
-------------------------+-------+-------+-------+-------+-------+-------+-------++-------
Melee: Hand axe          |    71 |   105 |   178 |   716 |   455 |   697 |   209 ||  2431
       Headbutt          |    11 |    25 |    41 |   203 |   231 |   381 |   271 ||  1163
       Punch             |       |     1 |     1 |     2 |     5 |       |       ||     9
       Mace              |       |       |       |    34 |       |       |       ||    34
       Broad axe         |       |       |       |       |   599 |   741 |   843 ||  2183
Invok: Trog's Hand       |       |     2 |       |     2 |     9 |    11 |    12 ||    36
       Berserk           |       |     1 |       |     2 |     9 |     6 |     5 ||    23
       Brothers in Arms  |       |       |       |       |     2 |     7 |     8 ||    17
Evoke: Wand              |       |       |       |       |       |     1 |       ||     1
  Use: Potion            |     2 |     3 |     4 |     4 |    15 |    11 |    12 ||    51
       Scroll            |     1 |     6 |     7 |    15 |     8 |     4 |     8 ||    49
 Stab: Distracted        |       |       |       |       |     1 |       |     1 ||     2
       Confused          |       |       |       |       |       |       |     1 ||     1
Armor: Animal skin       |    19 |       |       |       |       |       |       ||    19
       Scale mail        |       |    33 |       |       |       |       |       ||    33
       Chain mail        |       |     6 |    69 |    37 |       |    35 |       ||   147
       Plate armour      |       |       |       |   221 |   315 |    72 |       ||   608
       Crystal plate arm |       |       |       |       |       |   501 |   312 ||   813
Dodge: Dodged            |    49 |    45 |    48 |   100 |   174 |   353 |   253 ||  1022
Block: Other             |       |    14 |    47 |    70 |    62 |       |       ||   193
       Reflection        |       |       |     3 |    41 |    56 |    84 |    73 ||   257
       Tower shield      |       |       |       |   665 |   957 |  1853 |  1283 ||  4758
